 Dungeon Crawl Stone Soup version 0.30-a0-845-g7c6808c8ce (webtiles) character file.

Game seed: 5260885816478902624

4599 jimonade the Basher (level 10, -7/100 HPs)
             Began as an Ogre Warper on Mar 2, 2023.
             Was a Believer of Okawaru.
             Mangled by Erica
             ... wielding a +1 scimitar of flaming
              (11 damage)
             ... on level 9 of the Dungeon.
             The game lasted 00:40:03 (12086 turns).

jimonade the Basher (Ogre Warper)                  Turns: 12086, Time: 00:40:03

Health: -7/100     AC:  9    Str: 17    XL:     10   Next: 41%
Magic:  19/19      EV: 10    Int: 16    God:    Okawaru [**....]
Gold:   464        SH:  0    Dex: 16    Spells: 4/21 levels left

rFire   . . .      SeeInvis .    a - +0 morningstar
rCold   . . .      Faith    .    (no shield)
rNeg    . . .      Spirit   .    S - +0 swamp dragon scales
rPois   +          Reflect  .    (helmet restricted)
rElec   .          Rampage  .    F - +0 cloak
rCorr   .                        (gloves unavailable)
Will    +....                    (boots unavailable)
Stlth   +                        v - amulet of magic regeneration
HPRegen 0.36/turn                f - +6 ring of dexterity
MPRegen 0.56/turn                B - ring of wizardry

@: no status effects
A: large, unfitting armour, tough skin 1
a: Renounce Religion, Heroism


You were on level 9 of the Dungeon.
You worshipped Okawaru.
Okawaru was pleased with you.
You visited 2 branches of the dungeon, and saw 10 of its levels.
You also visited: Ossuary.

You collected 484 gold pieces.
You spent 20 gold pieces at shops.

Inventory:

Hand Weapons
 a - a +0 morningstar (weapon)
 b - a +0 dire flail
 i - a +2 dagger of draining
 l - a +0 whip of freezing
 r - a +0 whip
 I - a +0 morningstar
 N - a +3 dagger of electrocution
 P - a +1 heavy sling
 R - a +0 giant club
Missiles
 d - 4 boomerangs of dispersal
 q - 22 poisoned darts (quivered)
 u - 53 stones
Armour
 h - an orb of mayhem
 F - a +0 cloak (worn)
 O - a +2 robe of resistance
 S - +0 swamp dragon scales (worn)
Magical Staves
 s - a staff of death
 H - a staff of earth
Jewellery
 f - a +6 ring of dexterity (left hand)
 v - an amulet of magic regeneration (around neck)
 B - a ring of wizardry (right hand)
Wands
 k - a wand of polymorph (8)
 m - a wand of flame (21)
 t - a wand of digging (4)
 z - a wand of acid (14)
 G - a wand of mindburst (3)
 L - a wand of roots (3)
Scrolls
 c - a scroll of blinking
 e - a scroll of immolation
 j - a scroll of amnesia {unknown}
 A - 6 scrolls of identify
 C - 3 scrolls of poison {unknown}
 D - 2 scrolls of teleportation
 E - 3 scrolls of brand weapon {unknown}
 J - a scroll of enchant armour {unknown}
 M - a scroll of vulnerability {unknown}
Potions
 g - 3 potions of ambrosia
 n - 4 potions of flight {unknown}
 o - 2 potions of brilliance
 p - 4 potions of might
 w - a potion of haste
 x - 3 potions of curing
 K - 2 potions of degeneration {unknown}
 Q - a potion of cancellation {unknown}
 T - a potion of attraction {unknown}


   Skills:
 + Level 6.5 Fighting
 + Level 8.4 Maces & Flails
 - Level 1.0 Throwing
 + Level 4.2 Dodging
 + Level 2.0 Stealth
 + Level 6.3 Spellcasting
 * Level 5.6 Translocations
 * Level 5.5 Fire Magic
 + Level 0.3 Earth Magic


You had 4 spell levels left.
You knew the following spells:

 Your Spells              Type           Power      Damage    Failure   Level
a - Blink                 Tloc           46%        N/A       1%          2
b - Lesser Beckoning      Tloc           46%        N/A       1%          2
c - Teleport Other        Tloc           23%        N/A       2%          3
d - Sandblast             Erth           12%        2d6       9%          1
e - Scorch                Fire           44%        2d7       1%          2
f - Vhi's Electric Charg  Tloc/Air       28%        N/A       10%         3
g - Manifold Assault      Tloc           23%        N/A       10%         4

Your spell library contained the following spells:

 Spells                   Type           Power      Damage    Failure   Level
 Apportation              Tloc           46%        N/A       1%          1
 Foxfire                  Conj/Fire      52%        2x1d6     3%          1
 Kindle Blastsparks       Fire/Tloc/Air  34%        2d12      6%          3
 Inner Flame              Hex/Fire       13%        N/A       10%         3
 Passwall                 Tmut/Erth      4%         N/A       14%         2
 Sublimation of Blood     Necr           5%         N/A       16%         2
 Stone Arrow              Conj/Erth      10%        3d7       26%         3
 Iskenderun's Mystic Bla  Conj/Tloc      14%        2d5       30%         4
 Fulminant Prism          Conj/Hex       2%         3d5       65%         4
 Petrify                  Tmut/Erth      5%         N/A       65%         4
 Lee's Rapid Deconstruct  Erth           3%         3d5*      91%         5
 Alistair's Intoxication  Tmut/Pois      3%         N/A       93%         5
 Irradiate                Conj/Tmut      2%         3d12      93%         5


Dungeon Overview and Level Annotations

Branches:
Dungeon (9/15)             Temple (1/1) D:5             Orc (0/2) D:9
Ossuary (visited)
   Lair: D:8-11

Altars:
Ashenzari
Cheibriados
Dithmenos
Elyvilon
Fedhas
Gozag
Hepliaklqana
Kikubaaqudgha
Makhleb
Nemelex Xobeh
Okawaru
Qazlal
Ru
Sif Muna
Trog
Uskayaw
Vehumet
Wu Jian
Xom
Yredelemnul
Zin
The Shining One

Shops:
D:1 ?   D:4 !   D:8 (

Annotations:
D:2 1 runed translucent door, Crazy Yiuf, Terence
D:7 exclusion: 2 downstairs
D:8 Joseph, Psyche
D:9 Erica, Harold


Innate Abilities, Weirdness & Mutations

You are too large for most types of armour.
You have tough skin. (AC +1)


Message History

You hit something. Something hits you. Something burns you.
Harold the Weathered comes into view.
He is wielding a +0 scimitar.
You closely miss something.
The kobold brigand throws a poisoned dart.
The poisoned dart hits you! Something hits you! Something burns you.
Harold throws a throwing net.
The throwing net barely misses you. Something hits you! Something burns you.
The howler monkey hoots and howls with incredible vigour!
You hear a shout!
The howler monkey hoots and howls with incredible vigour!
You hear some strange, mumbled words.
A lance of force appears from out of thin air!
The lance of force hits you!!
* * * LOW HITPOINT WARNING * * *
Harold throws a throwing net.
The throwing net hits you.
You become entangled in the net!
The howler monkey hits you but does no damage.
You see here a throwing net.
You tear a large gash into the net.
You struggle against the net.
Something hits you!
* * * LOW HITPOINT WARNING * * *
Something burns you.
* * * LOW HITPOINT WARNING * * *
The kobold brigand throws a poisoned dart.
The poisoned dart hits you. The howler monkey hits you.
* * * LOW HITPOINT WARNING * * *
The howler monkey hoots and howls with incredible vigour!
You hear a shout!
You rip the net and break free!
Something hits you.
* * * LOW HITPOINT WARNING * * *
Something burns you.
* * * LOW HITPOINT WARNING * * *
The howler monkey hits you.
* * * LOW HITPOINT WARNING * * *
The howler monkey hits you.
* * * LOW HITPOINT WARNING * * *
The howler monkey attacks as you move away!
The howler monkey hits you but does no damage.
Something hits you!
You die...

.......>................
..##........#......#....
........#.#............
........###......#.
.......@(†)......#
........##..###.##
..#.#..K#...[.....
..#####.h..........
....#.##@hh.........
..................
...###..<.........
....$.............
.................
...............#
......(........##
...............#
..###..............#


You could see Harold, a kobold brigand and 3 howler monkeys.

Vanquished Creatures
  Pikel (D:7)
  Maggie (D:7)
  2 steam dragons (D:7)
  Duvessa (D:6)
  A black bear (D:4)
  2 ogres
  2 orc warriors
  2 ice beasts (D:6)
  3 centaurs (D:7)
  A phantom (D:6)
  4 lemures (D:7)
  3 kobold brigands
  2 elf zombies (Ossuary)
  Blork the orc (D:6)
  5 bullfrogs
  A necrophage (D:4)
  4 scorpions
  Dowan (D:6)
  7 killer bees (D:9)
  2 howler monkeys
  5 hounds
  A human zombie (Ossuary)
  6 orc priests
  A gnoll bouda (D:6)
  A sleepcap (D:6)
  Jessica (D:2)
  4 iguanas
  13 orc wizards
  2 mummies (Ossuary)
  12 adders
  2 shadow imps
  An ufetubus (D:4)
  An adder zombie (Ossuary)
  2 dart slugs (D:4)
  32 orcs
  4 ball pythons
  9 endoplasms
  5 giant cockroaches
  9 goblins
  6 hobgoblins
  3 quokkas
  4 bats
  2 goblin zombies (Ossuary)
  8 hobgoblin zombies (Ossuary)
  2 jackal zombies (Ossuary)
  20 kobolds
  12 kobold zombies (Ossuary)
  7 orc zombies (Ossuary)
  2 rat zombies (Ossuary)
223 creatures vanquished.

Vanquished Creatures (others)
  2 fungi (D:8)
  4 plants
6 creatures vanquished.

Grand Total: 229 creatures vanquished

Notes
Turn   | Place    | Note
-------+----------+-------------------------------------------
     0 | D:1      | jimonade the Ogre Warper began the quest for the Orb.
     0 | D:1      | Reached XP level 1. HP: 22/22 MP: 3/3
   141 | D:1      | Reached XP level 2. HP: 23/29 MP: 3/5
   343 | D:1      | Reached skill level 2 in Maces & Flails
   889 | D:1      | Found Cuet Tudd's Magic Scroll Boutique.
   898 | D:1      | Bought a scroll of identify for 20 gold pieces
  1073 | D:1      | Reached XP level 3. HP: 7/36 MP: 7/7
  1186 | D:2      | Noticed Jessica
  1362 | D:2      | Found a runed translucent door.
  1363 | D:2      | Noticed Crazy Yiuf
  1676 | D:2      | Noticed Terence
  1678 | D:2      | Killed Jessica
  1679 | D:2      | Reached skill level 3 in Maces & Flails
  1679 | D:2      | Reached XP level 4. HP: 45/45 MP: 8/8
  2038 | D:3      | Found a glowing golden altar of the Shining One.
  2052 | D:3      | Found a hazy altar of Hepliaklqana.
  2108 | D:3      | Learned a level 2 spell: Blink
  2343 | D:4      | Noticed a black bear
  2360 | D:4      | Noticed a scorpion
  2398 | D:4      | Noticed a scorpion
  2664 | D:4      | Found Mochon's Distillery.
  2684 | D:4      | Noticed an ogre
  2690 | D:4      | Upgraded the game from 0.30-a0-840-ga523dec638 to
                  | 0.30-a0-845-g7c6808c8ce
  2709 | D:4      | Killed an ogre
  2710 | D:4      | Reached skill level 4 in Maces & Flails
  2710 | D:4      | Reached XP level 5. HP: 21/53 MP: 9/9
  3107 | D:4      | Reached XP level 6. HP: 39/62 MP: 10/10
  3323 | D:4      | Reached skill level 5 in Maces & Flails
  3602 | D:4      | Reached skill level 1 in Stealth
  3823 | D:4      | Reached XP level 7. HP: 31/70 MP: 11/11
  4445 | D:4      | Reached skill level 6 in Maces & Flails
  4591 | D:4      | Learned a level 2 spell: Lesser Beckoning
  4595 | D:4      | Learned a level 3 spell: Teleport Other
  4597 | D:4      | Learned a level 1 spell: Sandblast
  4756 | D:4      | Got the Directory of the Pyre
  4827 | D:5      | Entered Level 5 of the Dungeon
  5344 | D:5      | Reached XP level 8. HP: 63/79 MP: 12/12
  5600 | D:5      | Reached skill level 7 in Maces & Flails
  5669 | D:5      | Found a staircase to the Ecumenical Temple.
  5692 | Temple   | Entered the Ecumenical Temple
  5692 | Temple   | Found a transporter.
  5692 | Temple   | Found a transporter.
  5694 | Temple   | Found a transporter.
  5694 | Temple   | Found a transporter.
  5709 | Temple   | Became a worshipper of Warmaster Okawaru
  5826 | D:6      | Noticed Dowan
  5826 | D:6      | Noticed Duvessa
  5926 | D:6      | Found a sand-covered staircase.
  5941 | Ossuary  | Entered an ossuary
  6319 | Ossuary  | Reached skill level 5 in Fighting
  6893 | D:6      | Noticed Blork the orc
  6914 | D:6      | Killed Blork the orc
  6915 | D:6      | Reached skill level 1 in Fire Magic
  7191 | D:6      | Learned a level 2 spell: Scorch
  7247 | D:6      | Reached * piety under Okawaru
  7642 | D:6      | Reached XP level 9. HP: 86/88 MP: 6/14
  7938 | D:6      | Reached ** piety under Okawaru
  8002 | D:6      | Found a shimmering blue altar of Sif Muna.
  8893 | D:7      | Noticed Pikel
  9156 | D:7      | Learned a level 3 spell: Vhi's Electric Charge
  9190 | D:6      | Killed Duvessa
  9335 | D:6      | Killed Dowan
  9607 | D:6      | Reached skill level 5 in Spellcasting
  9607 | D:6      | Reached skill level 5 in Translocations
  9939 | D:7      | Killed Pikel
  9940 | D:7      | Reached skill level 8 in Maces & Flails
 10188 | D:7      | Reached skill level 5 in Fire Magic
 10188 | D:7      | Reached XP level 10. HP: 28/98 MP: 11/18
 10823 | D:8      | Noticed Psyche
 10823 | D:8      | Noticed Maggie
 10836 | D:7      | Killed Maggie
 11214 | D:8      | Learned a level 4 spell: Manifold Assault
 11353 | D:8      | Noticed Joseph
 11455 | D:8      | Found Sobryipt's Antique Weapon Shoppe.
 12034 | D:9      | Found a staircase to the Orcish Mines.
 12064 | D:9      | Noticed Erica
 12077 | D:9      | Noticed Harold
 12085 | D:9      | HP: 5/100 [howler monkey (1)]
 12086 | D:9      | Mangled by Erica

Illustrated notes

Levels and vault maps discovered:
D:1:      roderic_crop_circles_arrival_small, layout_loops_ring, serial_shops,
          nicolae_lakefront_shop
D:2:      layout_loops_ring, uniq_crazy_yiuf_cottage, uniq_terence, uniq_jessica
D:3:      layout_rooms, mainiacjoe_overflow_swirl
D:4:      minmay_razor_zed, layout_loops_ring, serial_shops, shop_statue,
          columned_hall_lemuel, eino_tiny_chamber, hangedman_decor_points
D:5:      layout_loops_ring, minmay_temple_entry_poolview, roderic_lattice_a,
          corexii_leaking_fountain
D:6:      minmay_chambers_of_threes, layout_layer_cave,
          kennysheep_orc_sif_temple, nicolae_ossuary_entry_ruins,
          uniq_blork_the_orc, uniq_duvessa
D:7:      layout_cave_pools, uniq_pikel
D:8:      layout_rooms, david_lair_generic, serial_shops, nicolae_shop_crystal,
          uniq_psyche, uniq_joseph, uniq_maggie
D:9:      layout_cave_pools, orc_0_dummy, uniq_erica, uniq_harold
Temple:   hellmonk_temple_divided_pantheon

Skill      XL: |  1  2  3  4  5  6  7  8  9 10 |
---------------+-------------------------------+-----
Translocations | 3 5 |  5.6
Maces & Flails | 2 3 4 5 6 7 8 |  8.4
Fighting       | 3 4 5 6 |  6.5
Stealth        | 1 2 |  2.0
Dodging        | 3 4 |  4.2
Fire Magic     | 2 5 |  5.5
Spellcasting   | 3 5 6 |  6.3
Throwing       | |  1.0
Earth Magic    | |  0.3

Action                     |  1- 3 |  4- 6 |  7- 9 | 10-12 || total
---------------------------+-------+-------+-------+-------++-------
  Melee: Mace              |   117 |   171 |       |       ||   288
         Punch             |     1 |     2 |     2 |     1 ||     6
         Morningstar       |       |       |   347 |   151 ||   498
  Throw: Dart              |       |    12 |    12 |       ||    24
         Boomerang         |       |     3 |       |       ||     3
   Cast: Sandblast         |       |       |     6 |       ||     6
         Scorch            |       |       |    97 |    14 ||   111
         Teleport Other    |       |       |     1 |       ||     1
         Manifold Assault  |       |       |       |     3 ||     3
         Vhi's Electric Ch |       |       |       |     1 ||     1
 Invoke: Heroism           |       |       |     3 |     4 ||     7
    Use: Scroll            |     1 |     4 |     4 |       ||     9
         Potion            |       |       |     5 |       ||     5
   Stab: Sleeping          |       |     2 |     2 |       ||     4
 Armour: Robe              |    52 |    31 |    92 |     7 ||   182
         Swamp dragon scal |       |       |       |    72 ||    72
  Dodge: Dodged            |    76 |   112 |   232 |   104 ||   524

Table legend: (Time is in decaauts)
 A = Elapsed time spent in this place.
 B = Non-inter-level travel time spent in this place.
 C = Inter-level travel time spent in this place.
 D = Time resting spent in this place.
 E = Time spent auto-exploring this place.
 F = Levels seen in this place.
 G = Mean time per level.
                   A        B        C        D        E       F      G
               +--------+--------+--------+--------+--------+-----+--------+
         Total |  12217 |  11724 |    493 |   3245 |   4032 |  11 | 1110.6 |
       Dungeon |  11198 |  10716 |    482 |   2829 |   3991 |   9 | 1244.2 |
        Temple |     49 |     38 |     11 |      0 |      8 |   1 |   49.0 |
       Ossuary |    969 |    969 |      0 |    416 |     33 |   1 |  969.0 |
               +--------+--------+--------+--------+--------+-----+--------+

Top non-repeatable levels by time:
     D:6: 2630 daAuts
     D:4: 2482 daAuts
     D:7: 1717 daAuts
     D:1: 1250 daAuts
     D:5: 1024 daAuts
 Ossuary: 969 daAuts
     D:3: 696 daAuts
     D:8: 562 daAuts
     D:2: 474 daAuts
     D:9: 360 daAuts
  Temple: 49 daAuts
